HSSL
ROCKY POINT HS EAGLES @ EVANS HS KNIGHTS
04/02/2026
 
TOP OF THE 1ST
Rocky Point HS Eagles batting - Pitching for Evans HS Knights : RHP Jeff Beatty
Pitching: RHP Jeff Beatty
Batting: RHB Fernando Pagán 0-0: Ball
1-0: Foul Ball, location: 2F
1-1: Ball
2-1: Foul Ball, location: 2F
2-2: Ball
3-2: Base on Balls
Batting: RHB Jim Sharry 0-0: Ball
1-0: SINGLE (Groundball, 56)
Fernando Pagán to second
Batting: RHB Joe Lewis 0-0: Ball
1-0: Ball
2-0: Called Strike
2-1: Ball
3-1: Foul Ball, location: 2F
3-2: Base on Balls
Fernando Pagán to third
Jim Sharry to second
Batting: RHB Pedro Cháves 0-0: Called Strike
0-1: Called Strike
0-2: Ball
1-2: Strikes out looking
Batting: LHB Gus Price 0-0: Called Strike
0-1: Ground out 3-1 (Groundball, 34S)
Fernando Pagán scores
Jim Sharry to third
Joe Lewis to second
Batting: RHB John Lindsey 0-0: Ball
1-0: Ball
2-0: Foul Ball, location: 2F
Balk!
Jim Sharry scores
Joe Lewis to third
2-1: Foul Ball, location: 2F
2-2: Ball
3-2: Fly out, F8 (Flyball, 8RM)
Top of the 1st over - 2 run(s), 1 hit(s), 0 error(s), 1 left on base; Rocky Point HS 2 - Evans HS 0
BOTTOM OF THE 1ST
Evans HS Knights batting - Pitching for Rocky Point HS Eagles : RHP Walt Whittemore
Pitching: RHP Walt Whittemore
Batting: LHB Gerald Murphy 0-0: Foul Ball, location: 2F
0-1: Swinging Strike
0-2: Strikes out swinging
Batting: RHB Harvey Mawhinney 0-0: Ball
1-0: Called Strike
1-1: Ball
2-1: SINGLE (Flyball, 89M)
Batting: SHB Bryan Atkins 0-0: Foul Ball, location: 2F
0-1: Foul Ball, location: 2F
0-2: Strikes out swinging
Batting: LHB Quinn Webb 0-0: Ball
1-0: Swinging Strike
1-1: Ball
2-1: Called Strike
2-2: SINGLE (Flyball, 8LS)
Harvey Mawhinney to second
Batting: SHB Brandon Hathaway 0-0: Swinging Strike
0-1: Ball
1-1: Hit by Pitch
Harvey Mawhinney to third
Quinn Webb to second
Batting: RHB Rafael Martínez 0-0: Fly out, F9 (Flyball, 9M)
Bottom of the 1st over - 0 run(s), 2 hit(s), 0 error(s), 3 left on base; Rocky Point HS 2 - Evans HS 0
TOP OF THE 2ND
Rocky Point HS Eagles batting - Pitching for Evans HS Knights : RHP Jeff Beatty
Batting: RHB Dave Burkholder 0-0: Ground out 6-3 (Groundball, 6)
Batting: LHB Rob Peterson 0-0: Called Strike
0-1: Ball
1-1: Called Strike
1-2: Ball
2-2: Ball
3-2: Foul Ball, location: 2F
3-2: Fly out, F7 (Flyball, 78M)
Batting: RHB Ramón Garza 0-0: Ball
1-0: Called Strike
1-1: SINGLE (Line Drive, 9S)
Batting: RHB Fernando Pagán 0-0: Foul Ball, location: 2F
0-1: Foul Ball, location: 2F
0-2: Ball
1-2: Ball
2-2: Foul Ball, location: 2F
Single, Error in OF, E7, batter to second base
Ramón Garza to third
Batting: RHB Jim Sharry 0-0: Ball
1-0: Ball
2-0: Called Strike
2-1: Ball
3-1: Fly out, F4 (Popup, 4D)
Top of the 2nd over - 0 run(s), 2 hit(s), 1 error(s), 2 left on base; Rocky Point HS 2 - Evans HS 0
BOTTOM OF THE 2ND
Evans HS Knights batting - Pitching for Rocky Point HS Eagles : RHP Walt Whittemore
Batting: RHB Tim Lee 0-0: Ball
1-0: Foul Ball, location: 2F
1-1: Foul Ball, location: 2F
1-2: Ball
2-2: Foul Ball, location: 2F
2-2: Ball
3-2: Base on Balls
Batting: LHB Nick Weber 0-0: Hit by Pitch
Tim Lee to second
Batting: LHB Billy Raymond 0-0: Swinging Strike
0-1: Ball
1-1: Foul Ball, location: 2F
1-2: Fly out, F6 (Popup, 5D)
Batting: LHB Gerald Murphy 0-0: Called Strike
0-1: Foul Ball, location: 2F
0-2: Ball
1-2: SINGLE (Line Drive, 6M)
Tim Lee to third
Nick Weber to second
Runner from 3rd tries for Home, SAFE, no throw or cutoff
Batting: RHB Harvey Mawhinney 0-0: Foul Ball, location: 2F
0-1: Foul Ball, location: 2F
0-2: Hit by Pitch
Nick Weber to third
Gerald Murphy to second
Batting: SHB Bryan Atkins 0-0: Called Strike
0-1: Grounds into double play, U4-3 (Groundball, 4)
Bottom of the 2nd over - 1 run(s), 1 hit(s), 0 error(s), 2 left on base; Rocky Point HS 2 - Evans HS 1
TOP OF THE 3RD
Rocky Point HS Eagles batting - Pitching for Evans HS Knights : RHP Jeff Beatty
Batting: RHB Joe Lewis 0-0: Ball
1-0: Foul Ball, location: 2F
1-1: SINGLE (Groundball, 23) (infield hit)
Batting: RHB Pedro Cháves 0-0: Called Strike
0-1: Ball
1-1: Foul Ball, location: 2F
1-2: Fly out, F4 (Popup, 34D)
Batting: LHB Gus Price 0-0: Called Strike
0-1: Called Strike
Single, Error in OF, E8, batter to second base
Joe Lewis to third
Batting: RHB John Lindsey 0-0: Ball
1-0: Foul Ball, location: 2F
1-1: Ball
2-1: Ball
3-1: Base on Balls
Batting: RHB Dave Burkholder 0-0: Ground out 4-3 (Groundball, 4M)
Joe Lewis scores
Gus Price to third
John Lindsey to second
Batting: LHB Rob Peterson 0-0: Fly out, F5 (Line Drive, 56)
Top of the 3rd over - 1 run(s), 2 hit(s), 1 error(s), 2 left on base; Rocky Point HS 3 - Evans HS 1
BOTTOM OF THE 3RD
Evans HS Knights batting - Pitching for Rocky Point HS Eagles : RHP Walt Whittemore
Batting: LHB Quinn Webb 0-0: Called Strike
0-1: Fly out, F6 (Popup, 5DF)
Batting: SHB Brandon Hathaway 0-0: Ball
1-0: Ball
2-0: Called Strike
2-1: Swinging Strike
2-2: Foul Ball, location: 2F
2-2: Ball
3-2: Foul Ball, location: 2F
3-2: Foul Ball, location: 2F
3-2: SINGLE (Line Drive, 4M)
Pitching: LHP Rick Estes
Batting: RHB Rafael Martínez 0-0: Fly out, F8 (Flyball, 8RD)
Batting: RHB Tim Lee 0-0: Ball
1-0: Ground out 1-3 (Groundball, 13)
Bottom of the 3rd over - 0 run(s), 1 hit(s), 0 error(s), 1 left on base; Rocky Point HS 3 - Evans HS 1
TOP OF THE 4TH
Rocky Point HS Eagles batting - Pitching for Evans HS Knights : RHP Jeff Beatty
Batting: RHB Ramón Garza 0-0: Ball
1-0: Called Strike
1-1: Ball
2-1: DOUBLE (Groundball, 5L)
Batting: RHB Fernando Pagán 0-0: Called Strike
0-1: Fly out, F8 (Flyball, 8LD)
Runner from 2nd tags up, SAFE at 3rd, no throw
Batting: RHB Jim Sharry 0-0: Ball
1-0: Fly out, F8 (Flyball, 8RM)
Runner from 3rd tags up, SCORES, no throw
Batting: RHB Joe Lewis 0-0: Ball
1-0: Ball
2-0: Ball
3-0: Base on Balls
Batting: RHB Pedro Cháves 0-0: Fly out, F3 (Popup, 3)
Top of the 4th over - 1 run(s), 1 hit(s), 0 error(s), 1 left on base; Rocky Point HS 4 - Evans HS 1
BOTTOM OF THE 4TH
Evans HS Knights batting - Pitching for Rocky Point HS Eagles : LHP Rick Estes
Batting: LHB Nick Weber 0-0: Called Strike
0-1: Foul Ball, location: 2F
0-2: Foul Ball, location: 2F
0-2: Ball
1-2: DOUBLE (Flyball, 9M)
Batting: LHB Billy Raymond 0-0: Called Strike
0-1: Ground out 4-3 (Groundball, 4)
Nick Weber to third
Batting: LHB Gerald Murphy 0-0: Called Strike
0-1: Ball
1-1: Fly out, F7 (Flyball, 7M)
Batting: RHB Harvey Mawhinney 0-0: Ball
1-0: Called Strike
1-1: Ball
2-1: Ground out 6-3 (Groundball, 6)
Bottom of the 4th over - 0 run(s), 1 hit(s), 0 error(s), 1 left on base; Rocky Point HS 4 - Evans HS 1
TOP OF THE 5TH
Rocky Point HS Eagles batting - Pitching for Evans HS Knights : RHP Jeff Beatty
Batting: LHB Gus Price 0-0: Ball
1-0: Ball
2-0: Ball
3-0: Called Strike
3-1: Swinging Strike
3-2: Fly out, F4 (Line Drive, 4)
Pitching: RHP Iván Díaz
Batting: RHB John Lindsey 0-0: Called Strike
0-1: Ball
1-1: Foul Ball, location: 2F
1-2: Strikes out swinging
Batting: RHB Dave Burkholder 0-0: Ball
1-0: Ball
2-0: Called Strike
2-1: Ball
3-1: Base on Balls
Batting: LHB Rob Peterson 0-0: Ball
1-0: Ball
2-0: Called Strike
2-1: Fly out, F9 (Line Drive, 9M)
Top of the 5th over - 0 run(s), 0 hit(s), 0 error(s), 1 left on base; Rocky Point HS 4 - Evans HS 1
BOTTOM OF THE 5TH
Evans HS Knights batting - Pitching for Rocky Point HS Eagles : LHP Rick Estes
Batting: SHB Bryan Atkins 0-0: Fly out, F6 (Popup, 6)
Batting: LHB Quinn Webb 0-0: Ball
1-0: Foul Ball, location: 2F
1-1: Fly out, F8 (Flyball, 8LM)
Batting: SHB Brandon Hathaway 0-0: Called Strike
0-1: Ground out 4-3 (Groundball, 4)
Bottom of the 5th over - 0 run(s), 0 hit(s), 0 error(s), 0 left on base; Rocky Point HS 4 - Evans HS 1
TOP OF THE 6TH
Rocky Point HS Eagles batting - Pitching for Evans HS Knights : RHP Iván Díaz
Batting: RHB Ramón Garza 0-0: Ball
1-0: Swinging Strike
1-1: Called Strike
1-2: Ground out 6-3 (Groundball, 6)
Batting: RHB Fernando Pagán 0-0: Ball
1-0: Called Strike
1-1: Ball
2-1: Ball
3-1: SINGLE (Groundball, 13) (infield hit)
Batting: RHB Jim Sharry 0-0: Ball
1-0: Called Strike
1-1: Ball
2-1: Ball
3-1: Swinging Strike
3-2: Strikes out looking
Batting: RHB Joe Lewis 0-0: Ball
1-0: SINGLE (Groundball, 56D)
Fernando Pagán to second
Batting: RHB Pedro Cháves 0-0: Called Strike
0-1: Called Strike
0-2: Ball
1-2: Strikes out swinging
Top of the 6th over - 0 run(s), 2 hit(s), 0 error(s), 2 left on base; Rocky Point HS 4 - Evans HS 1
BOTTOM OF THE 6TH
Evans HS Knights batting - Pitching for Rocky Point HS Eagles : LHP Rick Estes
Batting: RHB Rafael Martínez 0-0: Called Strike
0-1: Ball
1-1: Fly out, F8 (Flyball, 8LM)
Batting: RHB Tim Lee 0-0: Swinging Strike
0-1: Ball
1-1: Called Strike
1-2: SINGLE (Groundball, 6MD)
Batting: LHB Nick Weber 0-0: Ball
1-0: Grounds into double play, 3-6-3 (Groundball, 3)
Bottom of the 6th over - 0 run(s), 1 hit(s), 0 error(s), 0 left on base; Rocky Point HS 4 - Evans HS 1
TOP OF THE 7TH
Rocky Point HS Eagles batting - Pitching for Evans HS Knights : RHP Iván Díaz
Batting: LHB Gus Price 0-0: Ball
1-0: Called Strike
1-1: Ball
2-1: Foul Ball, location: 2F
2-2: Strikes out looking
Pitching: RHP Tim Johnston
Batting: RHB John Lindsey 0-0: Called Strike
0-1: Fly out, F8 (Flyball, 89M)
Batting: RHB Dave Burkholder 0-0: Swinging Strike
0-1: Foul Ball, location: 2F
0-2: Foul Ball, location: 2F
0-2: Foul Ball, location: 2F
0-2: Hit by Pitch
Batting: LHB Rob Peterson 0-0: Swinging Strike
0-1: Ball
1-1: Swinging Strike
1-2: Ball
2-2: Strikes out looking
Top of the 7th over - 0 run(s), 0 hit(s), 0 error(s), 1 left on base; Rocky Point HS 4 - Evans HS 1
BOTTOM OF THE 7TH
Evans HS Knights batting - Pitching for Rocky Point HS Eagles : LHP Rick Estes
Batting: LHB Billy Raymond 0-0: Called Strike
0-1: Swinging Strike
0-2: Fly out, F7 (Flyball, 78M)
Batting: LHB Gerald Murphy 0-0: Called Strike
0-1: Ball
1-1: Foul Ball, location: 2F
1-2: Ball
2-2: Foul Ball, location: 2F
2-2: Ball
3-2: Ground out 4-3 (Groundball, 4)
Batting: RHB Harvey Mawhinney 0-0: Ground out 4-3 (Groundball, 4S)
Bottom of the 7th over - 0 run(s), 0 hit(s), 0 error(s), 0 left on base; Rocky Point HS 4 - Evans HS 1
TOP OF THE 8TH
Rocky Point HS Eagles batting - Pitching for Evans HS Knights : RHP Tim Johnston
Batting: RHB Ramón Garza 0-0: Swinging Strike
0-1: Ball
1-1: Foul Ball, location: 2F
1-2: Strikes out looking
Batting: RHB Fernando Pagán 0-0: Ball
1-0: Ball
2-0: Ball
3-0: Called Strike
3-1: Foul Ball, location: 2F
3-2: Base on Balls
Batting: RHB Jim Sharry 0-0: Swinging Strike
0-1: Called Strike
0-2: Strikes out swinging
Batting: RHB Joe Lewis 0-0: Fly out, F9 (Flyball, 9M)
Top of the 8th over - 0 run(s), 0 hit(s), 0 error(s), 1 left on base; Rocky Point HS 4 - Evans HS 1
BOTTOM OF THE 8TH
Evans HS Knights batting - Pitching for Rocky Point HS Eagles : LHP Rick Estes
Pitching: RHP Roy Jordan
Batting: SHB Bryan Atkins 0-0: Ball
1-0: Foul Ball, location: 2F
1-1: Ball
2-1: Ball
3-1: Foul Ball, location: 2F
3-2: Strikes out looking
Batting: LHB Quinn Webb 0-0: Fly out, F6 (Popup, 56)
Batting: SHB Brandon Hathaway 0-0: Ball
1-0: Ball
2-0: Ball
3-0: Called Strike
3-1: Base on Balls
Batting: RHB Rafael Martínez 0-0: Called Strike
0-1: Foul Ball, location: 2F
0-2: Ball
1-2: Strikes out swinging
Bottom of the 8th over - 0 run(s), 0 hit(s), 0 error(s), 1 left on base; Rocky Point HS 4 - Evans HS 1
TOP OF THE 9TH
Rocky Point HS Eagles batting - Pitching for Evans HS Knights : RHP Tim Johnston
Batting: RHB Pedro Cháves 0-0: Swinging Strike
0-1: Ball
1-1: Swinging Strike
1-2: Ball
2-2: Strikes out looking
Batting: LHB Gus Price 0-0: Foul Ball, location: 2F
0-1: Ball
1-1: Ball
2-1: Fly out, F5 (Line Drive, 56)
Batting: RHB John Lindsey 0-0: Called Strike
0-1: Swinging Strike
0-2: Ball
1-2: Strikes out swinging
Top of the 9th over - 0 run(s), 0 hit(s), 0 error(s), 0 left on base; Rocky Point HS 4 - Evans HS 1
BOTTOM OF THE 9TH
Evans HS Knights batting - Pitching for Rocky Point HS Eagles : RHP Roy Jordan
Pitching: RHP Chet Miller
Now at C: Josh Conner
Batting: RHB Tim Lee 0-0: Called Strike
0-1: Ball
1-1: Ball
2-1: Foul Ball, location: 2F
2-2: Foul Ball, location: 2F
2-2: Foul Ball, location: 2F
2-2: Strikes out swinging
Batting: LHB Nick Weber 0-0: Called Strike
0-1: Called Strike
0-2: Ball
1-2: Ball
2-2: Ball
3-2: Strikes out swinging
Batting: LHB Billy Raymond 0-0: Called Strike
0-1: Ball
1-1: Fly out, F4 (Line Drive, 4)
Bottom of the 9th over - 0 run(s), 0 hit(s), 0 error(s), 0 left on base; Rocky Point HS 4 - Evans HS 1
Monday, December 5th, 2016 - OOTP Baseball 17.12 Build 75